 Dungeon Crawl Stone Soup version 0.22.1-1-ga44c0e5 (webtiles) character file.

168 magicm the Chopper (level 5, 0/43 HPs)
             Began as a Demonspawn Chaos Knight on Nov 11, 2018.
             Slain by an orc
             ... wielding a +0 mace
              (4 damage)
             ... on level 3 of the Dungeon.
             The game lasted 00:11:20 (1974 turns).

magicm the Chopper (Demonspawn Chaos Knight)        Turns: 1974, Time: 00:11:21

Health: 0/43       AC:  7    Str: 13    XL:     5   Next: 23%
Magic:  5/5        EV: 16    Int: 13    God:    Xom [...*..]
Gold:   101        SH:  0    Dex: 18    Spells: 4/4 levels left

rFire    . . .     SeeInvis .   a - +1 hand axe (chaos)
rCold    . . .     Gourm    .   (no shield)
rNeg     . . .     Faith    .   f - +1 ring mail
rPois    .         Spirit   .   (no helmet)
rElec    .         Reflect  .   (no cloak)
rCorr    +         Harm     .   (no gloves)
MR       .....                  (no boots)
Stlth    +++.......             (no amulet)
HPRegen  0.14/turn              g - ring of resist corrosion
MPRegen  0.09/turn              (no ring)

@: agile, about to teleport
A: rugged brown scales 1, nightstalker 1, powered by pain 1
a: Renounce Religion


You were on level 3 of the Dungeon.
You worshipped Xom.
You were a favourite toy of Xom.
You were not hungry.

You visited 1 branch of the dungeon, and saw 3 of its levels.

You collected 101 gold pieces.

Inventory:

Hand Weapons
 a - a +1 hand axe of chaos (weapon)
 e - a +0 falchion
Armour
 b - a +2 leather armour
 f - a +1 ring mail (worn)
Jewellery
 g - a ring of resist corrosion (left hand)
Scrolls
 h - 3 scrolls of remove curse
 j - a scroll of teleportation
Potions
 d - a potion of curing {unknown}
 i - a potion of resistance
Comestibles
 c - 10 rations


   Skills:
 + Level 3.7 Fighting
 + Level 4.1 Axes
 + Level 2.6 Armour
 + Level 1.8 Dodging
 + Level 0.5 Stealth


You had 4 spell levels left.
You didn't know any spells.
Your spell library was empty.

Dungeon Overview and Level Annotations

Branches:
Dungeon (3/15)

Altars:


Innate Abilities, Weirdness & Mutations

You are partially covered in rugged brown scales. (AC +1, +3% HP)
You are slightly more attuned to the shadows.
You sometimes gain a little power by taking damage.


Message History

The jackal bites you but does no damage.
You closely miss the jackal.
The orc priest calls down the wrath of Beogh upon you.
Beogh smites you! The jackal closely misses you.
The orc priest mumbles some strange prayers to Beogh against you.
Beogh smites you!
* * * LOW HITPOINT WARNING * * *
You focus on the pain.
You feel agile all of a sudden.
As you read the scroll of teleportation, it crumbles to dust.
You feel strangely unstable. "This is how I like it!"
You swap places with the orc wizard.
Some monsters swap places.
You are now a favourite toy of Xom.
The jackal bites you.
* * * LOW HITPOINT WARNING * * *
The orc wizard gestures wildly while chanting.
The orc wizard seems to speed up.
The orc hits you with a mace.
You die...
Xom snickers!

###################
#####.........##h!.....
....+.........oo@o.....
.#.##.........##o......
..............##.......
##.#..........##.......
#.#..........##%......
#.#..........###...###
#.#..........# ...#
##.#.#+########
.....#.#


You could see an orc priest, an orc wizard, 2 orcs and a jackal.

Vanquished Creatures
  3 gnolls (D:2)
  5 adders
  An ooze (D:2)
  3 dart slugs (D:1)
  6 leopard geckos
  An orc (D:3)
  9 bats
  A giant cockroach (D:1)
  8 hobgoblins
  A jackal (D:3)
  2 quokkas (D:2)
  2 ball pythons (D:1)
  2 frilled lizards
  13 goblins
  8 kobolds
  7 rats
72 creatures vanquished.

Vanquished Creatures (collateral kills)
  An adder (D:2)
  A bat (D:2)
2 creatures vanquished.

Grand Total: 74 creatures vanquished

Notes
Turn   | Place    | Note
-------+----------+-------------------------------------------
     0 | D:1      | magicm the Demonspawn Chaos Knight began the quest for the
                  | Orb.
     0 | D:1      | Reached XP level 1. HP: 18/18 MP: 1/1
   190 | D:1      | Reached skill level 1 in Dodging
   197 | D:1      | XOM: harmless Necr miscast
   201 | D:1      | Gained mutation: You are partially covered in rugged brown
                  | scales. (AC +1, +3% HP) [demonic ancestry]
   201 | D:1      | Reached XP level 2. HP: 10/24 MP: 2/2
   201 | D:1      | Reached skill level 3 in Axes
   231 | D:1      | XOM: divination: magic mapping
   399 | D:1      | Gained mutation: You are slightly more attuned to the
                  | shadows. [demonic ancestry]
   399 | D:1      | Reached XP level 3. HP: 25/29 MP: 3/3
   528 | D:1      | XOM: god gift: 7 rations
   552 | D:1      | XOM: god gift: viscous ruby potion {god gift}
   692 | D:1      | XOM: god gift: falchion {god gift}
   785 | D:2      | XOM: polymorph frilled lizard -> quokka
   790 | D:2      | Reached XP level 4. HP: 26/36 MP: 4/4
   809 | D:2      | XOM: enchant monster (bad)
  1148 | D:2      | XOM: summons friendly crimson imp
  1193 | D:2      | XOM: cast spell 'Monstrous Menagerie'
  1355 | D:2      | Reached skill level 4 in Axes
  1363 | D:2      | Gained mutation: You sometimes gain a little power by
                  | taking damage. [demonic ancestry]
  1363 | D:2      | Reached XP level 5. HP: 25/43 MP: 5/5
  1395 | D:2      | XOM: silly message
  1427 | D:2      | XOM: harmless Air miscast
  1607 | D:2      | XOM: summons 1 hostile shadow creature
  1741 | D:2      | XOM: mild Fire miscast
  1828 | D:2      | XOM: silly message
  1969 | D:3      | XOM: enchant monster (bad)
  1974 | D:3      | XOM: swap monsters
  1974 | D:3      | Slain by an orc

Skill      XL: |  1  2  3  4 |
---------------+-------------+-----
Dodging        | 1 |  1.8
Axes           | 3 4 |  4.1
Armour         | 2 |  2.6
Fighting       | |  3.7
Stealth        | |  0.5

Action                   |  1- 3 |  4- 6 || total
-------------------------+-------+-------++-------
Melee: Hand axe          |   102 |   105 ||   207
  Use: Scroll            |     6 |     6 ||    12
       Potion            |     1 |     1 ||     2
 Stab: Sleeping          |     1 |     2 ||     3
  Eat: Ration            |       |     1 ||     1
Armor: Leather armour    |    49 |       ||    49
       Ring mail         |    30 |    54 ||    84
Dodge: Dodged            |    96 |    68 ||   164
